 Dungeon Crawl Stone Soup version 0.30.0-29-ga12c61a403 (webtiles) character file.

Game seed: 10877478720032502826

16 RascalDebosk the Grasshopper (level 2, -3/26 HPs)
             Began as a Gnoll Warper on June 6, 2023.
             Slain by Terence
             ... wielding a +0 trident
              (7 damage)
             ... on level 2 of the Dungeon on June 7, 2023.
             The game lasted 00:08:02 (722 turns).

RascalDebosk the Grasshopper (Gnoll Warper)          Turns: 722, Time: 00:08:02

Health: -3/26      AC:  7    Str: 10    XL:     2   Next: 58%
Magic:  6/7        EV: 11    Int: 12    God:
Gold:   34         SH:  0    Dex: 11    Spells: 6/10 levels left

rFire   . . .        j - +2 mace (venom)
rCold   . . .        (no shield)
rNeg    + . .        m - +2 ring mail {rN+}
rPois   .            (no helmet)
rElec   .            (no cloak)
rCorr   .            (no gloves)
SInv    .            (no boots)
Will    .....        (no amulet)
Stlth   +            (no ring)
HPRegen 0.24/turn    (no ring)
MPRegen 0.10/turn

%: no passive effects
@: wereblooded
A: fangs 1, strong nose, distributed training
a: no special abilities


You were on level 2 of the Dungeon.
You visited 1 branch of the dungeon, and saw 2 of its levels.

You collected 34 gold pieces.

Inventory:

Hand Weapons
 a - a +0 hand axe
 j - a +2 mace of venom (weapon)
Missiles
 d - 10 boomerangs of dispersal (quivered)
Armour
 b - a +0 leather armour
 m - a +2 ring mail of positive energy (worn)
Scrolls
 f - a scroll of fog {unknown}
 g - a scroll of blinking
 i - a scroll of identify {unknown}
 k - a scroll of teleportation {unknown}
 n - a scroll of immolation {unknown}
Potions
 c - a potion of berserk rage {unknown}
 e - a potion of lignification {unknown}
 h - a potion of mutation {unknown}
 l - a potion of resistance {unknown}
 o - a potion of curing {unknown}


   Skills:
 + Level 4.5 Fighting
 + Level 0.5 Short Blades
 + Level 0.5 Long Blades
 + Level 4.5 Axes
 + Level 0.5 Maces & Flails
 + Level 0.5 Polearms
 + Level 0.5 Staves
 + Level 0.5 Ranged Weapons
 + Level 2.5 Throwing
 + Level 2.5 Armour
 + Level 4.5 Dodging
 + Level 0.5 Stealth
 + Level 0.5 Shields
 + Level 0.5 Unarmed Combat
 + Level 4.9 Spellcasting
 + Level 0.3 Conjurations
 + Level 0.3 Hexes
 + Level 0.3 Summonings
 + Level 0.3 Necromancy
 + Level 5.3 Translocations
 + Level 0.3 Transmutations
 + Level 0.3 Fire Magic
 + Level 0.3 Ice Magic
 + Level 0.3 Air Magic
 + Level 0.3 Earth Magic
 + Level 0.3 Poison Magic
 + Level 0.6 Invocations
 + Level 0.5 Evocations


You had 6 spell levels left.
You knew the following spells:

 Your Spells              Type           Power      Damage    Failure   Level
a - Blink                 Tloc           30%        N/A       9%          2
b - Wereblood             Tmut           3%         N/A       54%         2

Your spell library contained the following spells:

 Spells                   Type           Power      Damage    Failure   Level
 Lesser Beckoning         Tloc           30%        N/A       9%          2
 Teleport Other           Tloc           15%        N/A       16%         3
 Vhi's Electric Charge    Tloc/Air       18%        N/A       41%         3
 Manifold Assault         Tloc           15%        N/A       47%         4
 Sublimation of Blood     Necr           3%         N/A       54%         2
 Statue Form              Tmut/Erth      2%         N/A       100%        6
 Summon Hydra             Summ           1%         N/A       100%        7
 Necromutation            Tmut/Necr      1%         N/A       100%        8


Dungeon Overview and Level Annotations

Branches:
Dungeon (2/15)

Altars:

Annotations:
D:2 Sigmund, Terence


Innate Abilities, Weirdness & Mutations

You have very sharp teeth.
Your uncanny sense of smell can sniff out nearby items.
Your experience applies equally to all skills.


Message History

You see here a +0 spear.
You pick up the Anthology of Reconstruction and begin reading...
You add the spells Statue Form and Necromutation to your library.
A giant cockroach comes into view.
You barely miss the giant cockroach. The giant cockroach barely misses you.
You hit the giant cockroach.
The giant cockroach is poisoned.
The giant cockroach is almost dead.
You kill the giant cockroach!
You see here a giant cockroach corpse.
Found a stone staircase leading down.
Done exploring.
There is a stone staircase leading down here.
You climb downwards.
Found 11 gold pieces.
There is a stone staircase leading up here.
You now have 27 gold pieces (gained 11).
Found a stone staircase leading up.
A hobgoblin comes into view.
The hobgoblin shouts!
You hear an angry hiss.
You hear a shout!
Casting: Wereblood (quite dangerous; 54% risk of failure)
Confirm with . or Enter, or press ? or * to list all spells.
You blink.
A ball python comes into view.
Found 7 gold pieces.
Unknown command.
Casting: Blink (safe; 9% risk of failure)
Confirm with . or Enter, or press ? or * to list all spells.
The spell is quite dangerous to miscast (54% risk of failure)!
Continue anyway?
You miscast Wereblood.
You are very lightly contaminated with residual magic.
Nothing appears to happen.
A hobgoblin comes into view.
You hit the hobgoblin but do no damage.
The hobgoblin is poisoned.
The hobgoblin hits you.
The ball python bites you but does no damage.
The ball python grabs you. The ball python constricts you.
You hit the hobgoblin.
You kill the hobgoblin!
You feel stable enough to blink again. The ball python closely misses you.
The ball python constricts you.
You hit the hobgoblin but do no damage.
The hobgoblin is poisoned.
You kill the hobgoblin!
The ball python bites you but does no damage.
The ball python constricts you. The ball python closely misses you.
The ball python constricts you.
Casting: Wereblood (quite dangerous; 54% risk of failure)
Confirm with . or Enter, or press ? or * to list all spells.
The spell is quite dangerous to miscast (54% risk of failure)!
Continue anyway?
You miscast Wereblood.
Nothing appears to happen.
* * * LOW MAGIC WARNING * * *
The ball python bites you but does no damage.
The ball python constricts you.
You sock the ball python!
You kill the ball python!
You see here a ball python corpse.
You now have 34 gold pieces (gained 7).
Your magical contamination has completely faded away.
Magic restored.
A frilled lizard comes into view.
The frilled lizard hisses angrily.
The frilled lizard moves out of view.
A frilled lizard is nearby!
A frilled lizard is nearby!
You barely miss the frilled lizard. You bite the frilled lizard.
You kill the frilled lizard!
Found a glowing puce potion.
Found an escape hatch in the floor.
o - a glowing puce potion
There is an escape hatch in the floor here.
Sigmund the Dreaded comes into view.
He is wielding a +1 scythe of protection.
Sigmund shouts!
Casting: Wereblood (quite dangerous; 54% risk of failure)
Confirm with . or Enter, or press ? or * to list all spells.
The spell is quite dangerous to miscast (54% risk of failure)!
Continue anyway?
Your blood is infused with primal strength.
Sigmund gestures at you while chanting. You resist with significant effort.
Terence the Incautious comes into view.
He is wielding a +0 trident and wearing a +2 scale mail of cold resistance.
Terence shouts!
Sigmund drinks a potion.
Sigmund seems to speed up.
Sigmund barely misses you.
Found a stone staircase leading down.
Sigmund misses you. Terence closely misses you.
You barely miss Terence. Your bite misses Terence.
Sigmund hits you with a +1 scythe of protection!
Terence misses you. Sigmund closely misses you.
You closely miss Terence. Terence barely misses you.
Sigmund hits you with a +1 scythe of protection.
You barely miss Terence. Sigmund barely misses you.
Terence hits you with a +0 trident. x2
* * * LOW HITPOINT WARNING * * *
You barely miss Terence. Sigmund barely misses you. Terence closely misses you.
Sigmund barely misses you.
You hit Terence.
Terence is moderately wounded.
Terence hits you with a +0 trident.
* * * LOW HITPOINT WARNING * * *
Sigmund points at you and mumbles some strange words.
You resist with significant effort. Terence hits you with a +0 trident!
You die...

...>.#.# ###
....... ..#
#...#.# #.#
#...#.. ...
#...#.# #.#
####...#.# #.#
.......#@###.#
#.@@.....#
#..#.###.#
#..#.# #.#
#..#.###.#
#..#.....#
#..#####.# #
#.. #.# .. ...
#.# # #.# .#
#.#


You could see Sigmund (fast) and Terence.

Vanquished Creatures
  2 ball pythons
  3 endoplasms (D:1)
  2 giant cockroaches (D:1)
  A goblin (D:1)
  2 hobgoblins (D:2)
  A bat (D:1)
  2 frilled lizards
  2 rats (D:1)
15 creatures vanquished.

Notes
Turn   | Place    | Note
-------+----------+-------------------------------------------
     0 | D:1      | RascalDebosk the Gnoll Warper began the quest for the Orb.
     0 | D:1      | Reached XP level 1. HP: 20/20 MP: 6/6
   325 | D:1      | Reached XP level 2. HP: 26/26 MP: 7/7
   388 | D:1      | Learned a level 2 spell: Blink
   391 | D:1      | Learned a level 2 spell: Wereblood
   476 | D:1      | Got the Anthology of Reconstruction
   711 | D:2      | Noticed Sigmund
   714 | D:2      | Noticed Terence
   722 | D:2      | Slain by Terence

Illustrated notes

Levels and vault maps discovered:
D:1:      psy_arrival_wood_between_worlds, layout_basic
D:2:      layout_basic, uniq_terence, uniq_sigmund, uniq_robin

Action                     || total
---------------------------++-------
  Melee: Hand axe          ||    21
         Bite              ||     2
         Mace              ||    17
  Throw: Boomerang         ||     2
   Cast: Wereblood         ||     2
         Blink             ||     1
 Armour: Leather armour    ||     8
         Ring mail         ||     3
  Dodge: Dodged            ||    29
